 Dungeon Sprint DCSS version 0.28-a0-1518-gbe868bca14 (webtiles) character file.

Game seed: 10218844102649642161

2238 Conn the Arsonist (level 9, 0/53 HPs)
             Began as an Octopode Fire Elementalist on Jan 17, 2022.
             Was an Elder of Sif Muna.
             Slain by a tentacle (11 damage)
             ... attached to a kraken
             ... in the Dungeon (Sprint II: "The Violet Keep of Menkaure").
             The game lasted 00:35:00 (3192 turns).

Conn the Arsonist (Octopode Fire Elementalist)      Turns: 3192, Time: 00:35:00

Health: 0/53       AC:  1    Str:  7    XL:     9   Next: 36%
Magic:  2/32       EV: 15    Int: 22    God:    Sif Muna [****..]
Gold:   286        SH:  5    Dex: 12    Spells: 3/28 levels left

rFire   + . .      SeeInvis +   f - +5 mace of Ambiguity {vorpal, rC+ SInv}
rCold   . . .      Faith    .   (no shield)
rNeg    . . .      Spirit   .   (helmet restricted)
rPois   +          Reflect  +   o - amulet of reflection
rElec   .          Harm     .   h - ring of resist corrosion
rCorr   +          Rampage  .   j - ring of magical power
Will    .....      Archmagi +   b - ring of the Mage {Wiz Archmagi}
Stlth   +++++..... NoTele   +   v - ring of fire
HPRegen 0.17/turn               w - ring of poison resistance
MPRegen 0.23/turn               (no ring)
                                (no ring)
                                (no ring)

@: no status effects
A: almost no armour, amphibious, 8 rings, camouflage 1, gelatinous body 1,
(nimble swimmer 1), tentacles
a: Renounce Religion, Channel Magic, Forget Spell, Divine Exegesis


You were in the Dungeon.
You worshipped Sif Muna.
Sif Muna was greatly pleased with you.
You visited 1 branch You collected 2944 gold pieces.
You spent 2658 gold pieces at shops.

Inventory:

Hand Weapons
 f - the +5 mace of Ambiguity (weapon) {vorpal, rC+ SInv}
   (You bought it in a shop in the Dungeon)

   It inflicts extra damage upon your enemies.
   rC:        It protects you from cold.
   SInv:      It lets you see invisible.
 i - a +0 short sword
Armour
 k - a +0 buckler
Jewellery
 b - the ring of the Mage (on tentacle) {Wiz Archmagi}
   (You bought it in a shop in the Dungeon)

   [ring of wizardry]

   It improves your spell success rate.
   Archmagi:  It increases the power of your magical spells.
 h - a ring of resist corrosion (left tentacle)
 j - a ring of magical power (right tentacle)
 o - an amulet of reflection (around mantle)
 v - a ring of fire (on tentacle)
 w - a ring of poison resistance (on tentacle)
Scrolls
 g - a scroll of fear {unknown}
 n - a scroll of identify {unknown}
 p - a scroll of fog {unknown}
 s - a scroll of blinking
Potions
 a - a potion of curing
 c - a potion of haste
 d - 3 potions of magic
 e - a potion of berserk rage
 l - 3 potions of resistance
 m - 3 potions of flight
 q - a potion of might {unknown}
 r - a potion of degeneration {unknown}
 t - a potion of mutation {unknown}


   Skills:
 + Level 1.3 Fighting
 + Level 2.3 Short Blades
 + Level 1.7 Throwing
 + Level 5.8 Dodging
 + Level 8.0 Stealth
 + Level 0.9 Shields
 + Level 10.3 Spellcasting
 + Level 5.6 Conjurations
 + Level 3.5 Hexes
 + Level 14.2 Fire Magic


You had 3 spell levels left.
You knew the following spells:

 Your Spells              Type           Power      Damage    Failure   Level
a - Foxfire               Conj/Fire      100%       2x1d9     1%          1
b - Conjure Flame         Conj/Fire      90%        6-21      1%          3
c - Inner Flame           Hex/Fire       85%        N/A       1%          3
d - Flame Wave            Conj/Fire      90%        2d13      1%          4
e - Scorch                Fire           100%       2d10      1%          2
f - Ignite Poison         Fire/Tmut/Pois 64%        N/A       1%          3
g - Sticky Flame          Conj/Fire      90%        2d10      1%          4
h - Mephitic Cloud        Conj/Pois/Air  29%        N/A       3%          3
i - Call Imp              Summ           17%        N/A       3%          2

Your spell library contained the following spells:

 Spells                   Type           Power      Damage    Failure   Level
 Magic Dart               Conj           100%       1d8       1%          1


Dungeon Overview and Level Annotations

Branches:
Dungeon (1/1)

Altars:
Cheibriados
Dithmenos
Elyvilon
Fedhas
Gozag
Hepliaklqana
Kikubaaqudgha
Makhleb
Nemelex Xobeh
Okawaru
Qazlal
Ru
Sif Muna
Trog
Uskayaw
Vehumet
Wu Jian
Xom
Yredelemnul
Zin
The Shining One
Beogh
Jiyva
Lugonu

Shops:
D ::[![=*[!(?=?=[

Annotations:
D exclusion: oklob plant


Innate Abilities, Weirdness & Mutations

You cannot wear most types of armour.
You are amphibious.
You can wear up to eight rings at the same time.
Your skin changes colour to match your surroundings (Stealth+).
Your rubbery body absorbs attacks. (AC +1, EV +1)
((You are camouflaged when in or above water. (Stealth+)))
You have tentacles for arms and can constrict up to eight enemies at once.


Message History

Aim: a tentacle (noxious fumes, water, confused, ally target, chance to affect: 43%)
You feel a surge of power!
The ball explodes into a vile cloud!
The stinking cloud engulfs the tentacle but does no damage.
The tentacle is lightly wounded.
The stinking cloud engulfs you but does no damage.
The stinking cloud engulfs the tentacle segment but does no damage.
The tentacle segment is lightly wounded.
The tentacle is engulfed in noxious fumes. x2
The tentacle appears confused.
The tentacle is engulfed in noxious fumes.
The tentacle appears confused.
The tentacle is engulfed in noxious fumes.
The tentacle appears confused.
The tentacle is engulfed in noxious fumes.
The tentacle appears confused.
The tentacle is engulfed in noxious fumes.
The tentacle slaps you!
Casting: Mephitic Cloud (dangerous; 3% risk of failure)
Confirm with . or Enter, or press ? or * to list all spells.
Okay, then.
Unknown command.
Unknown command.
Your foxfire dissipates!
The tentacle is engulfed in noxious fumes. x2
The tentacle appears confused.
The tentacle is engulfed in noxious fumes.
The kraken is engulfed in noxious fumes.
You thump the tentacle! You squeeze the tentacle.
The tentacle is moderately wounded.
The tentacle is engulfed in noxious fumes.
The tentacle slaps you!!
The tentacle is engulfed in noxious fumes. x2
Unknown command.
Okay, then.
The tentacle seems less confused.
You block the tentacle's attack.
You see here a +0 cloak.
The tentacle slaps you!
* * * LOW HITPOINT WARNING * * *
The tentacle slaps you!
You die...

▓▓+▓▓▓▓.▓ +...▓0..▓
#.○.▓▓▓▓▓▓▓▓▓▓
#...▓≈§≈§≈§§§▓▓
#○}▓▓▓▓▓▓▓▓▓▓▓
#|)▓).((....▓▓
#}=▓[...).)(▓▓
+.##.#):▓.(...(..▓▓
...####▓......[@▓▓
#..##.#▓.[)...w)▓▓
+..#..#▓...)(/(.▓▓
#.^#..#▓)...<...▓▓
##..##.#▓..().\..▓▓
###...##▓▓▓▓▓▓▓\▓▓▓▓+▓
..≈≈≈≈≈≈≈≈≈≈≈≈≈°──X(≈▓
..≈#(########+###.ww≈▓
..≈#....._._#≈≈≈##≈≈(▓


You could see a kraken and 2 tentacles.

Vanquished Creatures
  A merfolk siren (D)
  A yaktaur (D)
  3 polar bears (D)
  A hornet (D)
  2 wyverns (D)
  A vampire mosquito (D)
  Menkaure (D)
  2 water moccasins (D)
  4 scorpions (D)
  3 worms (D)
  3 tentacles (D)
22 creatures vanquished.

Vanquished Creatures (others)
  270 foxfires (D)
  220 tentacles (D)
490 creatures vanquished.

Grand Total: 512 creatures vanquished

Notes
Turn   | Place    | Note
-------+----------+-------------------------------------------
     0 | D        | Conn the Octopode Fire Elementalist began the quest for the
                  | Orb.
     0 | D        | Reached XP level 1. HP: 11/11 MP: 3/3
     1 | D        | Noticed a merfolk siren
     7 | D        | Found Hungeun's Magic Scroll Emporium.
     7 | D        | Found Omastell's Armour Emporium.
     7 | D        | Found Bafieck's Distillery.
     7 | D        | Found Xotargh's Jewellery Shoppe.
     7 | D        | Found Uvehuvy's Jewellery Shoppe.
     7 | D        | Found Tizubbez's Antique Armour Emporium.
     7 | D        | Found Puom's Magic Scroll Emporium.
     7 | D        | Found Revao's General Store.
    10 | D        | Found Ulyxo's Antique Weapon Emporium.
    10 | D        | Found Sant's Jewellery Shoppe.
    10 | D        | Found Juhe's Antique Armour Shoppe.
    10 | D        | Noticed a black bear
    23 | D        | Killed a merfolk siren
    24 | D        | Reached skill level 5 in Dodging
    24 | D        | Reached skill level 5 in Spellcasting
    24 | D        | Reached skill level 10 in Fire Magic
    24 | D        | Reached XP level 2. HP: 17/17 MP: 0/8
    24 | D        | Reached XP level 3. HP: 21/21 MP: 0/10
    24 | D        | Reached XP level 4. HP: 27/27 MP: 0/11
    24 | D        | Reached XP level 5. HP: 31/31 MP: 0/13
    24 | D        | Reached XP level 6. HP: 36/36 MP: 0/14
    33 | D        | Noticed Menkaure
    39 | D        | Killed Menkaure
    44 | D        | Found a snail-covered altar of Cheibriados.
    45 | D        | Found a shadowy altar of Dithmenos.
    45 | D        | Found a viscous altar of Jiyva.
    46 | D        | Found a white marble altar of Elyvilon.
    46 | D        | Found an ancient bone altar of Kikubaaqudgha.
    47 | D        | Found a blossoming altar of Fedhas.
    47 | D        | Found a corrupted altar of Lugonu.
    47 | D        | Found a shimmering blue altar of Sif Muna.
    48 | D        | Found an opulent altar of Gozag.
    48 | D        | Found a burning altar of Makhleb.
    48 | D        | Found a bloodstained altar of Trog.
    49 | D        | Found a sparkling altar of Nemelex Xobeh.
    49 | D        | Found a hide-covered altar of Uskayaw.
    50 | D        | Found a basalt altar of Yredelemnul.
    51 | D        | Found an iron altar of Okawaru.
    51 | D        | Found a radiant altar of Vehumet.
    51 | D        | Found a glowing silver altar of Zin.
    51 | D        | Found a hazy altar of Hepliaklqana.
    51 | D        | Found a sacrificial altar of Ru.
    51 | D        | Found a shimmering altar of Xom.
    52 | D        | Found a stormy altar of Qazlal.
    52 | D        | Found an ornate altar of the Wu Jian Council.
    52 | D        | Found a glowing golden altar of the Shining One.
    54 | D        | Noticed a water moccasin
    55 | D        | Noticed a water moccasin
    58 | D        | Became a worshipper of Sif Muna the Loreminder
    58 | D        | Noticed a water moccasin
    65 | D        | Killed a water moccasin
    66 | D        | Reached skill level 11 in Fire Magic
    66 | D        | Reached XP level 7. HP: 35/41 MP: 12/16
    77 | D        | Noticed a kraken
   209 | D        | Learned a level 3 spell: Conjure Flame
   213 | D        | Learned a level 3 spell: Inner Flame
   218 | D        | Learned a level 4 spell: Flame Wave
   221 | D        | Learned a level 2 spell: Scorch
  1854 | D        | Noticed a yaktaur
  1854 | D        | Noticed a hornet
  1854 | D        | Noticed a polar bear
  1858 | D        | Noticed a polar bear
  1862 | D        | Noticed a polar bear
  1865 | D        | Killed a polar bear
  1865 | D        | Killed a polar bear
  1866 | D        | Reached skill level 1 in Throwing
  1866 | D        | Reached skill level 1 in Hexes
  1866 | D        | Reached skill level 12 in Fire Magic
  1866 | D        | Reached XP level 8. HP: 42/46 MP: 9/19
  1869 | D        | Killed a hornet
  1869 | D        | Reached * piety under Sif Muna
  1870 | D        | Killed a yaktaur
  1871 | D        | Reached skill level 13 in Fire Magic
  1880 | D        | Killed a polar bear
  1881 | D        | Reached skill level 5 in Conjurations
  2215 | D        | Noticed a wyvern
  2221 | D        | Killed a wyvern
  2221 | D        | Reached ** piety under Sif Muna
  2223 | D        | Noticed a wyvern
  2227 | D        | Killed a wyvern
  2228 | D        | Reached XP level 9. HP: 16/52 MP: 22/22
  2507 | D        | Reached *** piety under Sif Muna
  2513 | D        | Reached skill level 10 in Spellcasting
  2513 | D        | Reached skill level 14 in Fire Magic
  2554 | D        | Reached skill level 1 in Short Blades
  2651 | D        | Reached **** piety under Sif Muna
  2652 | D        | Reached skill level 1 in Fighting
  2946 | D        | Noticed a shining eye
  2947 | D        | Found Gunokku's Distillery.
  2947 | D        | Found Mopostui's Antique Armour Emporium.
  2947 | D        | Noticed an oklob plant
  2948 | D        | Found Ahoemueck's Book Shoppe.
  2948 | D        | Found Ruradwee's Book Shoppe.
  2948 | D        | Noticed a shining eye
  2950 | D        | Noticed a shining eye
  2975 | D        | Bought a scroll of acquirement for 624 gold pieces
  2976 | D        | Acquired 797 gold pieces
  2978 | D        | Acquired 897 gold pieces
  2987 | D        | Bought the ring of the Mage {Wiz Archmagi} for 663 gold
                  | pieces
  2987 | D        | Found the ring of the Mage {Wiz Archmagi}
  2988 | D        | Bought a scorched mace for 232 gold pieces
  2988 | D        | Identified the +5 mace of Ambiguity {vorpal, rC+ SInv} (You
                  | bought it in a shop in the Dungeon)
  3005 | D        | Bought a scroll of blinking for 90 gold pieces
  3010 | D        | Bought a ring of fire for 325 gold pieces
  3014 | D        | Bought an Everburning Encyclopedia for 286 gold pieces
  3018 | D        | Learned a level 3 spell: Ignite Poison
  3023 | D        | Learned a level 4 spell: Sticky Flame
  3023 | D        | Bought a book of Minor Magic for 198 gold pieces
  3027 | D        | Learned a level 3 spell: Mephitic Cloud
  3030 | D        | Learned a level 2 spell: Call Imp
  3035 | D        | Bought a ring of poison resistance for 240 gold pieces
  3192 | D        | Slain by a tentacle

Illustrated notes

Levels and vault maps discovered:
D:        the_violet_keep_of_menkaure [sprint2_stairs_cluster_1,
          sprint2_shoproom, sprint2_temple, sprint2_basic_supplies,
          sprint2_obstacle_5, sprint2_obstacle_3, sprint2_obstacle_6,
          sprint2_obstacle_1, sprint2_obstacle_4, sprint2_timed_cluster_1,
          sprint2_smallroom_cluster_1, sprint2_smallroom_final_cluster_1,
          sprint2_transparent_cluster_1, sprint2_second_timed_cluster_1,
          sprint2_sniper_area_1, sprint2_heavy_combat_area_1,
          sprint2_mutation_trap_area_1, sprint2_forest_area_1,
          sprint2_light_combat_area_1, sprint2_behind_water_1,
          sprint2_near_end_vault_1]

Skill      XL: |  1  2  3  4  5  6  7  8  9 |
---------------+----------------------------+-----
Dodging        | 5 |  5.8
Stealth        | 6 7 8 |  8.0
Spellcasting   | 5 6 7 9 10 | 10.3
Fire Magic     | 10 11 12 13 14 | 14.2
Throwing       | 1 |  1.7
Conjurations   | 3 5 |  5.6
Hexes          | 1 3 |  3.5
Short Blades   | 2 |  2.3
Fighting       | 1 |  1.3
Shields        | |  0.9

Action                   |  1- 3 |  4- 6 |  7- 9 || total
-------------------------+-------+-------+-------++-------
Melee: Short sword       |       |       |    16 ||    16
       Constrict         |       |       |     5 ||     5
       Tentacles         |       |       |     5 ||     5
       Mace              |       |       |     1 ||     1
Throw: Dart              |       |       |    10 ||    10
 Cast: Foxfire           |     3 |     5 |   189 ||   197
       Scorch            |       |       |    23 ||    23
       Inner Flame       |       |       |    11 ||    11
       Conjure Flame     |       |       |     4 ||     4
       Flame Wave        |       |       |     3 ||     3
       Mephitic Cloud    |       |       |    14 ||    14
       Sticky Flame      |       |       |     1 ||     1
       Ignite Poison     |       |       |     1 ||     1
Invok: Channel Magic     |       |       |     1 ||     1
  Use: Potion            |     1 |     1 |     6 ||     8
       Scroll            |       |       |     3 ||     3
 Stab: Sleeping          |       |       |     3 ||     3
       Distracted        |       |       |     1 ||     1
Armor: Skin              |       |       |     1 ||     1
Dodge: Dodged            |       |       |    29 ||    29
Block: Other             |       |       |    11 ||    11

Table legend: (Time is in decaauts)
 A = Elapsed time spent in this place.
 B = Non-inter-level travel time spent in this place.
 C = Inter-level travel time spent in this place.
 D = Time resting spent in this place.
 E = Time spent auto-exploring this place.
 F = Levels seen in this place.
 G = Mean time per level.
                   A        B        C        D        E       F      G
               +--------+--------+--------+--------+--------+-----+--------+
         Total |   3156 |   3156 |      0 |   1862 |      0 |   1 | 3156.0 |
       Dungeon |   3156 |   3156 |      0 |   1862 |      0 |   1 | 3156.0 |
               +--------+--------+--------+--------+--------+-----+--------+

Top non-repeatable levels by time:
       D: 3156 daAuts
